 Dungeon Crawl Stone Soup version 0.28-a0-1524-ge72afd5fc6 (webtiles) character file.

Game seed: 11982938413378362525

261 knot the Chopper (level 5, 0/61 HPs)
             Began as a Demonspawn Berserker on Jan 18, 2022.
             Was a Believer of Trog.
             Succumbed to a scorpion's poison
             ... on level 4 of the Dungeon.
             The game lasted 00:02:32 (4261 turns).

knot the Chopper (Demonspawn Berserker)             Turns: 4261, Time: 00:02:33

Health: 0/61       AC:  4    Str: 17    XL:     5   Next: 96%
Magic:  0/5        EV: 12    Int: 11    God:    Trog [**....]
Gold:   133        SH:  5    Dex: 12    Spells: 4/4 levels left

rFire   . . .      SeeInvis .   a - +0 hand axe
rCold   . . .      Faith    .   (no shield)
rNeg    . . .      Spirit   +   b - +0 animal skin
rPois   .          Reflect  +   (no helmet)
rElec   .          Harm     .   (no cloak)
rCorr   .          Rampage  .   (no gloves)
Will    ++...                   (no boots)
Stlth   ..........              c - amulet of reflection
HPRegen 1.20/turn               (no ring)
MPRegen 0.18/turn               (no ring)

@: berserking (expiring), lethally poisoned (0 -> -3), strong-willed,
regenerating, very quick
A: yellow scales 1, magic shield, magic regeneration, weakness stinger 1
a: Renounce Religion, Berserk, Trog's Hand


You were on level 4 of the Dungeon.
You worshipped Trog.
Trog was pleased with you.
You visited 1 branch of the dungeon, and saw 4 of its levels.

You collected 133 gold pieces.

Inventory:

Hand Weapons
 a - a +0 hand axe (weapon)
Missiles
 f - 210 stones (quivered)
 k - 26 sling bullets
Armour
 b - a +0 animal skin (worn)
Jewellery
 c - an amulet of reflection (around neck)
 o - a ring of magical power
Scrolls
 g - 4 scrolls of teleportation {unknown}
 h - a scroll of blinking {unknown}
 i - 2 scrolls of immolation {unknown}
 j - a scroll of enchant weapon {unknown}
 n - a scroll of fear {unknown}
 t - 2 scrolls of identify {unknown}
 u - a scroll of summoning {unknown}
 v - a scroll of fog {unknown}
Potions
 d - 2 potions of curing {unknown}
 e - a potion of ambrosia {unknown}
 l - a potion of flight {unknown}
 m - a potion of cancellation {unknown}
 p - 2 potions of mutation {unknown}
 q - a potion of haste {unknown}
 r - a potion of degeneration {unknown}
 s - a potion of brilliance {unknown}


   Skills:
 - Level 3.0 Fighting
 + Level 6.1 Axes
 - Level 1.7 Armour
 - Level 1.7 Dodging


You had 4 spell levels left.
You didn't know any spells.
Your spell library was empty.

Dungeon Overview and Level Annotations

Branches:
Dungeon (4/15)
 Temple: D:4-7

Altars:
Vehumet


Innate Abilities, Weirdness & Mutations

You are partially covered in yellow scales. (AC +2)
When hurt, damage is shared between your health and your magic reserves.
You regenerate magic rapidly.
You have a small tail.


Message History

You feel very sick. The scorpion closely misses you.
You hit the scorpion.
The scorpion is almost dead.
You feel very sick. The scorpion stings you.
You are more poisoned.
The scorpion poisons you!
You barely miss the scorpion.
The scorpion is almost dead.
You feel very sick. The scorpion stings you.
You are lethally poisoned!
The scorpion poisons you!
The scorpion stings you but does no damage.
Your skin crawls.
You feel strong-willed.
You feel very sick. The scorpion stings you!
* * * LOW HITPOINT WARNING * * *
A red film seems to cover your vision as you go berserk!
You feel yourself moving faster!
You feel mighty!
* * * LOW HITPOINT WARNING * * *
You feel very sick. The scorpion stings you.
* * * LOW HITPOINT WARNING * * *
You slash the scorpion!
You kill the scorpion!
Trog accepts your kill.
* * * LOW HITPOINT WARNING * * *
You feel sick.
Your Axes skill increases to level 6!
Unknown command.
There is a lethal amount of poison in your body!
There is a lethal amount of poison in your body!
You are too berserk!
* * * LOW HITPOINT WARNING * * *
You feel sick.
You feel a strong urge to attack something.
You die...

###
#.#####
#.@...#
#.###.#
#.# #.#
#.# #.#
###
#.#......
..#
#.#.#.#.#
#.#
#.#.#.#.#
#.#
#.#.#.#.#


There were no monsters in sight!

Vanquished Creatures
  An orc warrior (D:3)
  A scorpion (D:4)
  3 adders
  2 worms (D:2)
  3 dart slugs
  4 orcs
  A bat (D:2)
  6 endoplasms
  3 giant cockroaches
  9 hobgoblins
  3 jackals (D:2)
  5 quokkas
  4 ball pythons
  4 frilled lizards
  4 goblins
  9 kobolds
  4 rats
66 creatures vanquished.

Notes
Turn   | Place    | Note
-------+----------+-------------------------------------------
     0 | D:1      | knot the Demonspawn Berserker began the quest for the Orb.
     0 | D:1      | Reached XP level 1. HP: 18/18 MP: 1/1
    20 | D:1      | Reached skill level 3 in Axes
   186 | D:1      | Gained mutation: You regenerate magic rapidly. [demonic
                  | ancestry]
   186 | D:1      | Reached XP level 2. HP: 21/24 MP: 2/2
  1470 | D:2      | Found a faded altar of an unknown god.
  1563 | D:2      | Gained mutation: You are partially covered in yellow
                  | scales. (AC +2) [demonic ancestry]
  1563 | D:2      | Reached XP level 3. HP: 24/29 MP: 3/3
  1662 | D:2      | Reached skill level 4 in Axes
  1877 | D:2      | Reached ** piety under Trog
  2860 | D:2      | Gained mutation: When hurt, damage is shared between your
                  | health and your magic reserves. [demonic ancestry]
  2860 | D:2      | Reached XP level 4. HP: 35/35 MP: 4/4
  3009 | D:3      | Noticed an orc warrior
  3026 | D:3      | Killed an orc warrior
  3027 | D:3      | Reached skill level 5 in Axes
  3027 | D:3      | Gained mutation: You have a small tail. [demonic ancestry]
  3027 | D:3      | Reached XP level 5. HP: 27/41 MP: 1/5
  3839 | D:3      | Found a radiant altar of Vehumet.
  4259 | D:4      | HP: 2/61 [poisoned by a scorpion]
  4260 | D:4      | Reached skill level 6 in Axes
  4261 | D:4      | Succumbed to a scorpion's poison

Illustrated notes

Levels and vault maps discovered:
D:1:      saegor_arrival_under_anarchy, layout_basic,
          chequers_serial_rivers_small_3, minmay_misc_feat_enclosed,
          minmay_pentomino_z2
D:2:      layout_basic, shapermc_ecumenical_altar_venn
D:3:      layout_loops_ring, nicolae_vehumet_altar_sigil, st_stairs_5,
          minmay_close_crescents
D:4:      layout_basic

Skill      XL: |  1  2  3  4  5 |
---------------+----------------+-----
Axes           | 3 4 5 6 |  6.1
Fighting       | |  3.0
Armour         | |  1.7
Dodging        | |  1.7

Action                   |  1- 3 |  4- 6 || total
-------------------------+-------+-------++-------
Melee: Hand axe          |   133 |    75 ||   208
       Punch             |     1 |     1 ||     2
       Tailslap          |       |     3 ||     3
Invok: Berserk           |     1 |     2 ||     3
       Trog's Hand       |     1 |     1 ||     2
 Stab: Sleeping          |     1 |     1 ||     2
Armor: Animal skin       |    16 |    15 ||    31
Dodge: Dodged            |    64 |    38 ||   102
Block: Other             |    25 |    11 ||    36

Table legend: (Time is in decaauts)
 A = Elapsed time spent in this place.
 B = Non-inter-level travel time spent in this place.
 C = Inter-level travel time spent in this place.
 D = Time resting spent in this place.
 E = Time spent auto-exploring this place.
 F = Levels seen in this place.
 G = Mean time per level.
                   A        B        C        D        E       F      G
               +--------+--------+--------+--------+--------+-----+--------+
         Total |   4303 |   4248 |     55 |   1281 |   2464 |   4 | 1075.8 |
       Dungeon |   4303 |   4248 |     55 |   1281 |   2464 |   4 | 1075.8 |
               +--------+--------+--------+--------+--------+-----+--------+

Top non-repeatable levels by time:
     D:2: 1828 daAuts
     D:1: 1493 daAuts
     D:3: 853 daAuts
     D:4: 128 daAuts
